 Dungeon Crawl Stone Soup version 0.31-a0-496-g6f97920a28 (webtiles) character file.

Game seed: 13447444182370121807

2493 javelincjr the Changeling (level 9, -23/68 HPs)
             Began as a Demonspawn Shapeshifter on Aug 8, 2023.
             Was a Believer of Makhleb.
             Annihilated by an orc warlord
             ... wielding a +4 broad axe
              (28 damage)
             ... in a bailey.
             The game lasted 00:21:26 (4693 turns).

javelincjr the Changeling (Demonspawn Shapeshifter) Turns: 4693, Time: 00:21:27

Health: -23/68     AC: 10    Str: 20    XL:     9   Next: 27%
Magic:  11/11      EV: 15    Int: 10    God:    Makhleb [**....]
Gold:   327        SH:  4    Dex: 19    Spells: 8/8 levels left

rFire   + . .        w - +2 short sword (speed)
rCold   . . .        u - +0 buckler {rPois}
rNeg    . . .        b - +1 chain mail {rF+}
rPois   +            (helmet currently unavailable)
rElec   .            (cloak currently unavailable)
rCorr   .            (gloves currently unavailable)
SInv    .            (boots currently unavailable)
Will    .....        (no amulet) Stlth
                     m - +6 ring of dexterity
HPRegen 0.31/turn    s - +5 ring of evasion
MPRegen 0.12/turn

%: no passive effects
@: beast-form
A: beast (slay +4), horns 2, demonic guardian 1, spiny 1, weakness stinger 2
a: Begin Untransformation, Renounce Religion, Minor Destruction


You were in a bailey.
You worshipped Makhleb.
Makhleb was pleased with you.
You were a hulking beast.
You visited 1 branch of the dungeon, and saw 7 of its levels.
You also visited: Bailey.

You collected 446 gold pieces.
You spent 119 gold pieces at shops.

Inventory:

Hand Weapons
 e - a +0 short sword
 i - a +0 war axe
 k - a +1 dagger of venom
 w - a +2 short sword of speed (weapon)
Missiles
 p - 5 javelins
 v - 10 poisoned darts
 G - 16 boomerangs
Armour
 a - a +0 animal skin
 b - a +1 chain mail of fire resistance (worn)
 g - a +0 scale mail
 h - an orb of light
 u - a +0 buckler of poison resistance (worn)
Jewellery
 m - a +6 ring of dexterity (left hand)
 s - a +5 ring of evasion (right hand)
Talismans
 c - a beast talisman (active)
 d - a flux talisman
Wands
 y - a wand of quicksilver (11)
 A - a wand of roots (8)
Scrolls
 f - a scroll of noise {unknown}
 l - 3 scrolls of fear
 n - 3 scrolls of enchant weapon {unknown}
 r - a scroll of identify
 z - a scroll of revelation {unknown}
 C - 2 scrolls of fog {unknown}
 E - 2 scrolls of enchant armour {unknown}
 H - a scroll of brand weapon {unknown}
 I - a scroll of butterflies {unknown}
Potions
 j - 4 potions of heal wounds {unknown}
 o - a potion of curing {unknown}
 q - 3 potions of berserk rage {unknown}
 t - a potion of magic {unknown}
 x - a potion of enlightenment {unknown}
 B - a potion of mutation {unknown}
 D - a potion of brilliance {unknown}
 F - a potion of haste {unknown}


   Skills:
 + Level 5.0 Fighting
 + Level 4.3 Armour
 + Level 4.7 Dodging
 + Level 5.2 Unarmed Combat
 + Level 3.5 Invocations
 * Level 6.0 Shapeshifting


You had 8 spell levels left.
You didn't know any spells.
Your spell library contained the following spells:

 Spells                   Type           Power      Damage    Failure   Level
 Lesser Beckoning         Tloc           0%         N/A       99%         2
 Ignite Poison            Fire/Tmut/Pois 0%         N/A       100%        3
 Portal Projectile        Hex/Tloc       0%         N/A       100%        3
 Teleport Other           Tloc           0%         N/A       100%        3
 Tukima's Dance           Hex            0%         N/A       100%        3
 Volatile Blastmotes      Fire/Tloc      0%         2d10      100%        3
 Iskenderun's Mystic Bla  Conj/Tloc      0%         2d3       100%        4
 Manifold Assault         Tloc           0%         N/A       100%        4
 Haunt                    Necr/Summ      0%         N/A       100%        7
 Borgnjor's Revivificati  Necr           0%         N/A       100%        8
 Death's Door             Necr           0%         N/A       100%        9


Dungeon Overview and Level Annotations

Branches:
Dungeon (7/15)             Temple (0/1) D:4          Bailey (1/1)

Altars:
Ashenzari
Makhleb
Wu Jian

Shops:
D:4 [


Innate Abilities, Weirdness & Mutations

You are a hulking beast.
Your limbs bulge with bestial killing power. (Slay +4)
You have a pair of horns on your head.
A weak demonic guardian rushes to your aid.
You are partially covered in sharp spines.
You have a tail ending in a sharp stinger.


Message History

The orc warlord is lightly wounded.
The orc warlord hits you with a +4 broad axe!
You hit the orc warlord. You tail-slap the orc warlord.
The orc warlord is lightly wounded.
The orc warlord hits you with a +4 broad axe!!
You puncture the orc warlord!
The orc warlord is moderately wounded.
You barely miss the orc warlord.
The orc warlord is moderately wounded.
The orc warlord hits you with a +4 broad axe!
Okay, then.
As you read the scroll labelled MENENGATA, it crumbles to dust.
It is a scroll of identify.
l - 5 scrolls of fear You block the orc warlord's attack.
As you read the scroll of fear, it crumbles to dust.
You assume a fearsome visage.
The orc warlord looks frightened!
The orc warlord yells at you, "GO AWAY!"
Aiming: Minor Destruction (3% risk of failure)
Press: ? - help, Shift-Dir - straight line, f - orc warlord
Aim: an orc warlord, wielding a +4 broad axe and wearing a +0 chain mail (moderately wounded, fleeing)
Your attack snaps the orc warlord out of its fear.
The orc warlord resists with almost no effort.
Aiming: Minor Destruction (3% risk of failure)
Press: ? - help, Shift-Dir - straight line, f/p - orc warlord
Aim: an orc warlord, wielding a +4 broad axe and wearing a +0 chain mail (moderately wounded)
The puff of flame hits the orc warlord but does no damage.
The orc warlord is moderately wounded.
The orc warlord is engulfed in a cloud of scalding steam.
The orc warlord attacks as you move away!
You block the orc warlord's attack.
The orc warlord attacks as you move away!
The orc warlord is struck by your spines.
The orc warlord hits you with a +4 broad axe!
* * * LOW HITPOINT WARNING * * *
As you read the scroll of fear, it crumbles to dust.
You assume a fearsome visage.
The orc warlord resists with some effort.
The orc warlord hits you with a +4 broad axe!!
You die...

...#~=.....~#~~#.....##
†..#~!........~#....##
...##8.8...8.8~##...#
.)..#.........~~'...#
....#....∩....~~'...#
....#o........~~)...#
...##8.8...8.8~##...#
...#o!........~#o..†##
...#~:.....~#~~#h..).##
...##~~~#~~~####......##
....#########......8...#
.8....'.....'..........#
......#~~~)~#..........#
......#~~~~~#...8..8..##
.8...##~)~~~##.......##
....##.......##.....##
...##.........##...##


You could see an orc warlord.

Vanquished Creatures
  An orc knight (Bailey)
  The ghost of knightboat the Cutter, an amateur VSFi (D:3)
  Menkaure (D:6)
  An ice beast (D:6)
  An orc warrior (Bailey)
  2 ogres
  3 phantoms
  A bullfrog (D:6)
  5 scorpions
  3 quasits (D:3)
  3 hounds
  A jelly (D:5)
  2 sleepcaps (D:6)
  Terence (D:2)
  5 iguanas
  4 gnolls (Bailey)
  8 adders
  A shadow imp (D:6)
  An ufetubus (D:5)
  A worm (D:2)
  3 dart slugs (D:1)
  19 orcs
  7 ball pythons
  8 endoplasms
  2 giant cockroaches (D:1)
  9 goblins
  4 hobgoblins
  A quokka (D:3)
  3 bats
  3 frilled lizards
  12 kobolds
  2 rats
119 creatures vanquished.

Vanquished Creatures (collateral kills)
  Sigmund (D:2)
  2 orc priests (D:5)
3 creatures vanquished.

Grand Total: 122 creatures vanquished

Notes
Turn   | Place    | Note
-------+----------+-------------------------------------------
     0 | D:1      | javelincjr the Demonspawn Shapeshifter began the quest for
                  | the Orb.
     0 | D:1      | Reached XP level 1. HP: 15/15 MP: 1/1
   124 | D:1      | Discovered your monstrous ancestry.
   124 | D:1      | Gained mutation: You have a pair of small horns on your
                  | head. [demonic ancestry]
   124 | D:1      | Reached XP level 2. HP: 5/21 MP: 2/2
   584 | D:2      | Reached skill level 3 in Shapeshifting
   584 | D:2      | Gained mutation: You have a pair of horns on your head.
                  | [demonic ancestry]
   584 | D:2      | Reached XP level 3. HP: 17/26 MP: 3/3
   903 | D:2      | Noticed Terence
   908 | D:2      | Killed Terence
   951 | D:2      | Gained mutation: A weak demonic guardian rushes to your
                  | aid. [demonic ancestry]
   951 | D:2      | Reached XP level 4. HP: 33/33 MP: 4/4
  1042 | D:2      | Reached skill level 1 in Armour
  1075 | D:2      | Noticed Sigmund
  1084 | D:2      | Killed Sigmund
  1085 | D:2      | Gained mutation: You are partially covered in sharp spines.
                  | [demonic ancestry]
  1085 | D:2      | Reached XP level 5. HP: 18/39 MP: 5/5
  1226 | D:2      | Identified the +0 helmet of Ygix {Contam Rampage rF+ Int+5}
  1512 | D:3      | Noticed knightboat's ghost (amateur VSFi)
  1521 | D:3      | Found a transporter.
  1541 | D:3      | Found a burning altar of Makhleb.
  1542 | D:3      | Noticed a blizzard demon
  1547 | D:3      | Noticed an angel
  1550 | D:3      | Became a worshipper of Makhleb the Destroyer
  1824 | D:3      | Found a transporter.
  1951 | D:3      | Gained mutation: You have a small tail. [demonic ancestry]
  1951 | D:3      | Reached XP level 6. HP: 46/46 MP: 6/6
  2171 | D:3      | Killed knightboat's ghost
  2172 | D:3      | Reached skill level 4 in Shapeshifting
  2172 | D:3      | Reached XP level 7. HP: 52/52 MP: 7/7
  2425 | D:4      | Found a staircase to the Ecumenical Temple.
  2503 | D:4      | Found Buott's Armour Emporium.
  2509 | D:4      | Bought a +0 buckler of poison resistance for 119 gold
                  | pieces
  2724 | D:4      | Found an ornate altar of the Wu Jian Council.
  3031 | D:5      | Entered Level 5 of the Dungeon
  3038 | D:5      | Reached * piety under Makhleb
  3249 | D:5      | Reached skill level 5 in Shapeshifting
  3249 | D:5      | Gained mutation: You have a tail ending in a sharp stinger.
                  | [demonic ancestry]
  3249 | D:5      | Reached XP level 8. HP: 60/60 MP: 8/8
  3416 | D:5      | Reached skill level 1 in Invocations
  3647 | D:6      | Found a broken altar of Ashenzari.
  3926 | D:6      | Noticed Menkaure
  3933 | D:6      | Killed Menkaure
  4372 | D:6      | Got the Parchment of the Salamander and Orientation
  4380 | D:6      | Reached skill level 5 in Unarmed Combat
  4452 | D:7      | Found a flagged portal.
  4463 | Bailey   | Entered a bailey
  4480 | Bailey   | Reached ** piety under Makhleb
  4481 | Bailey   | Noticed an orc warlord
  4532 | Bailey   | Reached XP level 9. HP: 64/66 MP: 11/11
  4589 | Bailey   | Found a runed translucent gate.
  4591 | Bailey   | Found a runed translucent gate.
  4593 | Bailey   | Found a runed translucent gate.
  4594 | Bailey   | Noticed an orc knight
  4610 | Bailey   | Killed an orc knight
  4611 | Bailey   | Reached skill level 5 in Fighting
  4611 | Bailey   | Reached skill level 6 in Shapeshifting
  4693 | Bailey   | Annihilated by an orc warlord

Illustrated notes

Levels and vault maps discovered:
D:1:      dpeg_arrival_fog, layout_rooms
D:2:      layout_basic, uniq_sigmund, uniq_terence
D:3:      layout_basic, grunt_temple_overflow_order_and_chaos_2,
          gammafunk_ghost_stat_death
D:4:      layout_basic, nicolae_wu_jian_immortal_techniques,
          minmay_temple_entry_purple_smoke, serial_shops, shop
D:5:      layout_cave_pools
D:6:      layout_loops_corners, lemuel_crystal_altar,
          nicolae_concentric_dashed_squares_mild, uniq_menkaure
D:7:      layout_cave_pods, enter_bailey_2, uniq_maggie, uniq_joseph,
          uniq_crazy_yiuf_cottage
Bailey:   bailey_axe_bossmonster_kennysheep, bailey

Skill      XL: |  1  2  3  4  5  6  7  8  9 |
---------------+----------------------------+-----
Dodging        | 2 3 4 |  4.7
Unarmed Combat | 3 4 5 |  5.2
Shapeshifting  | 3 4 5 6 |  6.0
Armour         | 1 2 3 4 |  4.3
Fighting       | 2 3 4 5 |  5.0
Invocations    | 2 3 |  3.5

Action                     |  1- 3 |  4- 6 |  7- 9 || total
---------------------------+-------+-------+-------++-------
  Melee: Unarmed           |    21 |       |       ||    21
         War axe           |    30 |    30 |    21 ||    81
         Short sword       |     8 |       |   142 ||   150
         Headbutt          |     6 |     5 |    37 ||    48
         Tailslap          |       |       |    37 ||    37
 Invoke: Minor Destruction |       |       |     7 ||     7
    Use: Potion            |     2 |     1 |     1 ||     4
         Scroll            |       |       |     3 ||     3
   Stab: Distracted        |       |       |     1 ||     1
 Armour: Animal skin       |     6 |       |       ||     6
         Scale mail        |     9 |       |       ||     9
         Chain mail        |     5 |    43 |    26 ||    74
  Dodge: Dodged            |    28 |    27 |    57 ||   112
  Block: Buckler           |       |       |    16 ||    16

Table legend: (Time is in decaauts)
 A = Elapsed time spent in this place.
 B = Non-inter-level travel time spent in this place.
 C = Inter-level travel time spent in this place.
 D = Time resting spent in this place.
 E = Time spent auto-exploring this place.
 F = Levels seen in this place.
 G = Mean time per level.
                   A        B        C        D        E       F      G
               +--------+--------+--------+--------+--------+-----+--------+
         Total |   4694 |   4618 |     76 |    151 |   3502 |   8 |  586.8 |
       Dungeon |   4472 |   4396 |     76 |    151 |   3502 |   7 |  638.9 |
        Bailey |    221 |    221 |      0 |      0 |      0 |   1 |  221.0 |
               +--------+--------+--------+--------+--------+-----+--------+

Top non-repeatable levels by time:
     D:3: 868 daAuts
     D:6: 831 daAuts
     D:2: 817 daAuts
     D:4: 802 daAuts
     D:1: 577 daAuts
     D:5: 550 daAuts
  Bailey: 221 daAuts
     D:7: 23 daAuts
